 Dungeon Crawl Stone Soup version 0.20.0-4-g10b340a (webtiles) character file.

9695 Manul the Basher (level 11, -9/77 HPs)
             Began as a Human Chaos Knight on May 28, 2017.
             Mangled by a thrashing horror (20 damage)
             ... on level 2 of the Abyss.
             The game lasted 00:18:53 (12298 turns).

Manul the Basher (Human Chaos Knight)              Turns: 12298, Time: 00:18:54

Health: -9/77      AC: 11    Str: 16    XL:     11   Next: 79%
Magic:  10/10      EV: 15    Int: 12    God:    Xom [....*.]
Gold:   445        SH:  0    Dex: 11    Spells: 10/10 levels left

rFire    . . .     SeeInvis .   z - +5 war axe (flame)
rCold    . . .     Gourm    +   (no shield)
rNeg     . . .     Faith    .   b - +2 leather armour
rPois    .         Spirit   .   m - +0 helmet
rElec    +         Reflect  .   (no cloak)
rCorr    +         Harm     .   i - +0 pair of gloves
MR       .....                  E - +0 pair of boots
Stlth    ++........             v - amulet of the gourmand
Regen    0.3/turn               r - ring of resist corrosion
MPRegen  0.2/turn               P - ring of flight

@: hasted, very quick
A: icy blue scales 1, clumsy 1, frail 1, low mp 1, screaming 1, electricity
resistance, wild magic 1
a: Renounce Religion, Evoke Flight


You were on level 2 of the Abyss.
You worshipped Xom.
You were a beloved toy of Xom.
You were very full.

You visited 2 branches of the dungeon, and saw 10 of its levels.
You visited the Abyss 1 time.
You also visited: Sewer.

You collected 445 gold pieces.

Inventory:

Hand Weapons
 a - a +0 hand axe of chaos
 h - a +1 whip of draining
 z - a +5 war axe of flaming (weapon)
Missiles
 D - 7 silver tomahawks (quivered)
Armour
 b - a +2 leather armour (worn)
 i - a +0 pair of gloves (worn)
 m - a +0 helmet (worn)
 s - a +0 chain mail
 E - a +0 pair of boots (worn)
 O - a +0 pair of boots
Jewellery
 k - an uncursed ring of ice
 r - a ring of resist corrosion (left hand)
 v - an amulet of the gourmand (around neck)
 P - a ring of flight (right hand)
Wands
 e - a wand of polymorph (10/24)
 x - a wand of flame (18/48)
 B - a wand of flame (31/48)
 H - a wand of iceblast (8/15)
 J - a wand of confusion (23/48)
Scrolls
 d - a scroll of magic mapping {unknown}
 f - 3 scrolls of enchant armour {unknown}
 g - 6 scrolls of identify
 j - 2 scrolls of blinking
 l - 3 scrolls of amnesia
 q - a scroll of fear {unknown}
 y - a scroll of random uselessness {unknown}
 A - 2 scrolls of remove curse {unknown}
 F - a scroll of fog {unknown}
 G - a scroll of teleportation {unknown}
 I - a scroll of enchant weapon
 K - a scroll of recharging
 L - a scroll of silence {unknown}
 R - a scroll of holy word {unknown}
Potions
 n - 2 potions of flight
 C - a potion of agility
 U - a potion of brilliance
Books
 N - a book of Callings

   Spells                             Type                      Level
   a - Summon Small Mammal            Summoning                    1
   b - Call Imp                       Summoning                    2
   c - Call Canine Familiar           Summoning                    3
   d - Summon Guardian Golem          Hexes/Summoning              3
   e - Summon Lightning Spire         Summoning/Air                4
   f - Summon Ice Beast               Ice/Summoning                4
 Q - a book of Necromancy

   Spells                             Type                      Level
   a - Pain                           Necromancy                   1
   b - Animate Skeleton               Necromancy                   1
   c - Vampiric Draining              Necromancy                   3
   d - Regeneration                   Charms/Necromancy            3
   e - Animate Dead                   Necromancy                   4
   f - Control Undead                 Necromancy                   4
 T - a book of Minor Magic

   Spells                             Type                      Level
   a - Magic Dart                     Conjuration                  1
   b - Blink                          Translocation                2
   c - Call Imp                       Summoning                    2
   d - Slow                           Hexes                        2
   e - Conjure Flame                  Conjuration/Fire             3
   f - Mephitic Cloud                 Conjuration/Poison/Air       3
Comestibles
 c - 10 bread rations
 o - 6 meat rations
 p - a fruit
 u - 7 royal jellies


   Skills:
 + Level 7.9 Fighting
 + Level 8.6(10.6) Axes
 + Level 10.0(11.3) Maces & Flails
 + Level 5.4 Armour
 + Level 7.8 Dodging
 - Level 3.0 Stealth
 + Level 1.0 Evocations


You had 10 spell levels left.
You didn't know any spells.

Dungeon Overview and Level Annotations

Branches:
Dungeon (9/15)             Temple (1/1) D:5            Lair (0/6) D:8
    Orc: D:9-12

Altars:
Makhleb
Nemelex Xobeh
Xom


Innate Abilities, Weirdness & Mutations

You are partially covered in icy blue scales. (AC +2)
You are clumsy. (Dex -2)
You are frail. (-10% HP)
Your magical capacity is low. (-10% MP)
You occasionally shout uncontrollably at your foes.
You are resistant to electric shocks. (rElec)
Your spells are a little harder to cast, but a little more powerful.


Message History

You hold your ground!
Evoke which item? (* to show all) (? for menu, Esc to quit)
Aiming: Confuse (will waste charges)
Press: ? - help, Shift-Dir - straight line, f - thrashing horror
Aim: a thrashing horror (moderately damaged, chance to defeat MR: 17%)
The thrashing horror resists with almost no effort.
Evoking this partially-identified wand wasted a few charges.
The thrashing horror misses you. x2
You slash the thrashing horror! You burn the thrashing horror.
The thrashing horror is severely damaged.
The thrashing horror misses you. The thrashing horror tramples you.
* * * LOW HITPOINT WARNING * * *
You hold your ground!
You slash the thrashing horror! You burn the thrashing horror.
The thrashing horror is almost destroyed.
The thrashing horror churns violently!
The thrashing horror seems to grow stronger.
The thrashing horror tramples you!!
You die...
Xom thinks this is hilarious!

. . .# ##.
##. #..# #..
#.####
.##..#.....x#
...# ##.#.#
#..#.3.
#).#X###
#.###@.# #.
#5#####
#..#..## #.#
#. ##.#...
#.. #....#
.... ..#..###
#. ##..##
.#..## .# . .
.# ### ###
#..# #....
..# . #


You could see a thrashing horror and a neqoxec.

Vanquished Creatures
  A guardian serpent (shapeshifter) (D:9)
  Joseph (D:7)
  An efreet (Abyss:2)
  3 hippogriffs
  A vampire (D:9)
  A wyvern (D:9)
  3 hogs (D:7)
  A human (D:7)
  10 yaks
  2 wargs (D:8)
  A sky beast (D:5)
  7 orc warriors
  A phantom (D:8)
  An ice beast (D:6)
  A hornet zombie (D:5)
  A black bear (D:9)
  2 ogres (D:6)
  A centaur (D:7)
  2 big kobolds
  8 bullfrogs
  7 scorpions
  2 killer bees
  2 jellies
  7 electric eels (D:8)
  2 howler monkeys
  4 crimson imps
  A centaur zombie (D:8)
  14 orc wizards
  4 orc priests
  6 hounds
  3 centaur skeletons
  Natasha (thrice) (D:2)
  An iguana (D:8)
  7 worker ants
  A hound skeleton (D:5)
  A worker ant zombie (D:7)
  7 gnolls
  7 adders
  2 river rats (Sewer)
  3 shadow imps
  An ooze (D:1)
  An adder zombie (D:8)
  An adder skeleton (D:5)
  2 worms
  2 dart slugs
  12 leopard geckos
  31 orcs
  9 giant cockroaches
  8 goblins
  3 hobgoblins
  20 jackals
  4 quokkas
  3 bats
  5 frilled lizards
  12 kobolds
  A quokka skeleton (D:5)
  6 rats
254 creatures vanquished.

Vanquished Creatures (collateral kills)
  A two-headed ogre (D:8)
  3 yaks (D:9)
  The ghost of luab the Cutter, an amateur HaFi (D:3)
  A water moccasin (D:8)
  An ogre (D:8)
  A phantom (D:4)
  A bullfrog (D:6)
  A howler monkey (D:8)
  An electric eel (D:8)
  An orc wizard (D:9)
  An orc (D:9)
  A kobold (Sewer)
14 creatures vanquished.

Vanquished Creatures (others)
  A wyvern (D:8)
  A shadow imp (D:8)
  12 plants (D:8)
14 creatures vanquished.

Grand Total: 282 creatures vanquished

Notes
Turn   | Place    | Note
-------+----------+-------------------------------------------
     0 | D:1      | Manul the Human Chaos Knight began the quest for the Orb.
     0 | D:1      | Reached XP level 1. HP: 18/18 MP: 1/1
    35 | D:1      | Reached XP level 2. HP: 24/24 MP: 2/2
    50 | D:1      | XOM: divination: detect items
   434 | D:1      | Reached XP level 3. HP: 24/29 MP: 3/3
   670 | D:2      | XOM: smoke on damage
   755 | D:2      | XOM: cast spell 'Olgreb's Toxic Radiance'
   977 | D:2      | Noticed Natasha
  1003 | D:2      | Killed Natasha
  1003 | D:2      | Reached XP level 4. HP: 10/35 MP: 4/4
  1022 | D:2      | XOM: harmless Air miscast
  1351 | D:2      | Noticed Natasha
  1361 | D:2      | Killed Natasha
  1421 | D:2      | Noticed Natasha
  1425 | D:2      | XOM: divination: detect items
  1438 | D:2      | Killed Natasha
  1438 | D:2      | Reached skill level 1 in Stealth
  1438 | D:2      | Reached XP level 5. HP: 29/42 MP: 5/5
  1829 | D:3      | Found a glowing drain.
  1854 | Sewer    | Entered a sewer
  1858 | Sewer    | XOM: smoke on damage
  1862 | Sewer    | XOM: potion effect (brilliance)
  1873 | Sewer    | XOM: god gift: 26 gold pieces
  1981 | Sewer    | Noticed a big kobold
  1987 | Sewer    | XOM: cast spell 'Shadow Creatures'
  2002 | Sewer    | Killed a big kobold
  2002 | Sewer    | Reached XP level 6. HP: 32/48 MP: 6/6
  2025 | Sewer    | Found a white marble altar of Elyvilon.
  2334 | D:3      | Noticed luab's ghost (amateur HaFi)
  2378 | D:4      | Noticed a phantom
  2418 | D:4      | XOM: potion effect (invisibility)
  2469 | D:4      | XOM: summons 5 friendly demons
  2491 | D:4      | Killed a phantom
  2491 | D:4      | Reached skill level 5 in Axes
  2749 | D:3      | XOM: enchant monster (good)
  2752 | D:3      | XOM: summons 2 friendly demons
  2773 | D:3      | XOM: summons 3 friendly demons
  2790 | D:3      | Killed luab's ghost
  2790 | D:3      | Reached skill level 1 in Maces & Flails
  2790 | D:3      | Reached XP level 7. HP: 40/54 MP: 7/7
  3702 | D:4      | XOM: 2-stop teleportation journey
  3945 | D:4      | XOM: summons 1 hostile demon
  4181 | D:5      | Entered Level 5 of the Dungeon
  4204 | D:5      | Reached skill level 2 in Maces & Flails
  4208 | D:5      | Gained mutation: Your muscles are strong. (Str +2) [mutagenic meat]
  4209 | D:5      | Gained mutation: You do not regenerate when monsters are visible. [mutagenic meat]
  4210 | D:5      | Gained mutation: You are partially covered in icy blue scales. (AC +2) [mutagenic meat]
  4211 | D:5      | Gained mutation: Armour fits poorly on your strangely shaped body. [mutagenic meat]
  4373 | D:5      | XOM: cast spell 'Cause Fear'
  4381 | D:5      | Noticed a hippogriff
  4411 | D:5      | XOM: harmless Air miscast
  4431 | D:5      | Killed a hippogriff
  4431 | D:5      | Reached skill level 3 in Maces & Flails
  4431 | D:5      | Reached XP level 8. HP: 22/61 MP: 8/8
  4812 | D:5      | Reached skill level 4 in Maces & Flails
  4877 | D:5      | Found a staircase to the Ecumenical Temple.
  4882 | Temple   | Entered the Ecumenical Temple
  4924 | D:5      | XOM: harmless Hex miscast
  4952 | D:5      | XOM: harmless Pois miscast
  4958 | D:5      | XOM: potion effect (might)
  5398 | D:5      | Found a sparkling altar of Nemelex Xobeh.
  5431 | D:5      | Reached skill level 5 in Fighting
  5537 | D:6      | Reached skill level 5 in Maces & Flails
  5549 | D:6      | XOM: noise
  5550 | D:6      | XOM: summons 5 friendly demons
  5565 | D:6      | Reached XP level 9. HP: 47/68 MP: 9/9
  5636 | D:6      | XOM: swap monsters
  5639 | D:6      | XOM: silly message
  5691 | D:6      | XOM: medium Ice miscast
  5730 | D:6      | XOM: cleaving
  5856 | D:7      | XOM: mild Chrm miscast
  6115 | D:6      | Reached skill level 6 in Maces & Flails
  6328 | D:6      | XOM: mild Air miscast
  6548 | D:6      | XOM: cleaving
  6550 | D:6      | Reached skill level 7 in Maces & Flails
  6554 | D:6      | XOM: chaos upgrade
  6685 | D:6      | XOM: summons 2 hostile shadow creatures
  6924 | D:6      | XOM: give mutation
  6924 | D:6      | Lost mutation: Armour fits poorly on your strangely shaped body. [Xom's mischief]
  7008 | D:7      | XOM: mild Hex miscast
  7016 | D:7      | XOM: swap monsters
  7020 | D:7      | Lost mutation: You do not regenerate when monsters are visible. [potion of mutation]
  7020 | D:7      | Lost mutation: Your muscles are strong. (Str +2) [potion of mutation]
  7020 | D:7      | Gained mutation: You are resistant to electric shocks. (rElec) [potion of mutation]
  7020 | D:7      | Gained mutation: Your spells are a little harder to cast, but a little more powerful. [potion of mutation]
  7248 | D:7      | Noticed a hippogriff
  7249 | D:7      | XOM: cast spell 'Monstrous Menagerie'
  7256 | D:7      | Killed a hippogriff
  7256 | D:7      | Reached skill level 5 in Dodging
  7438 | D:7      | XOM: give mutations
  7438 | D:7      | Gained mutation: You are robust. (+10% HP) [Xom's grace]
  7438 | D:7      | Gained mutation: Your mind is acute. (Int +2) [Xom's grace]
  7504 | D:7      | XOM: god gift: 7 silver tomahawks
  7551 | D:7      | XOM: 2-stop teleportation journey
  7579 | D:7      | XOM: god gift: scroll labeled NONILU ADEURI {god gift}
  7603 | D:7      | XOM: blink monster(s)
  7640 | D:7      | Reached skill level 8 in Maces & Flails
  7640 | D:7      | Reached XP level 10. HP: 79/83 MP: 10/10
  7814 | D:7      | Noticed Joseph
  7832 | D:7      | XOM: fog
  7849 | D:7      | Killed Joseph
  7858 | D:7      | XOM: cleaving
  7983 | D:7      | XOM: divination: detect items
  8269 | D:7      | XOM: cast spell 'Summon Small Mammal'
  8281 | D:7      | XOM: fake destruction
  8285 | D:7      | XOM: silly message
  8618 | D:7      | XOM: mild Erth miscast
  8639 | D:7      | Reached skill level 9 in Maces & Flails
  8639 | D:7      | Reached skill level 1 in Evocations
  8738 | D:7      | XOM: give mutations
  8738 | D:7      | Gained mutation: Your body sometimes deteriorates upon taking damage. [Xom's mischief]
  8738 | D:7      | Gained mutation: You occasionally shout uncontrollably at your foes. [Xom's mischief]
  8790 | D:7      | XOM: give mutations
  8790 | D:7      | Gained mutation: You are agile. (Dex +2) [Xom's grace]
  8790 | D:7      | Gained mutation: Your spells are harder to cast, but more powerful. [Xom's grace]
  8918 | D:8      | XOM: 1-stop teleportation journey
  8921 | D:8      | Noticed a two-headed ogre
  8930 | D:8      | XOM: cast spell 'Chain of Chaos'
  8932 | D:8      | XOM: cast spell 'Cause Fear'
  8933 | D:8      | XOM: summons 4 friendly demons
  8935 | D:8      | XOM: cast spell 'Ring of Flames'
  8945 | D:8      | XOM: scenery: 2 doors open
  8952 | D:8      | Killed a two-headed ogre
  8952 | D:8      | Reached skill level 5 in Armour
  9116 | D:8      | XOM: god gift: book of Callings
  9266 | D:8      | XOM: 3-stop teleportation journey
  9571 | D:8      | XOM: 2-stop teleportation journey
  9580 | D:8      | XOM: summons friendly orange demon
  9596 | D:8      | Reached skill level 10 in Maces & Flails
  9596 | D:8      | Reached XP level 11. HP: 59/92 MP: 11/11
  9614 | D:8      | XOM: god gift: pair of boots {god gift}
  9845 | D:8      | XOM: enchant monster (good)
 10138 | D:8      | XOM: potion effect (berserk rage)
 10139 | D:8      | XOM: fog
 10159 | D:8      | XOM: fog
 10276 | D:8      | XOM: god gift: 13 sling bullets
 10756 | D:8      | XOM: divine lightning
 10832 | D:8      | Found a staircase to the Lair.
 11097 | D:9      | XOM: fog
 11119 | D:9      | Lost mutation: Your mind is acute. (Int +2) [potion of mutation]
 11119 | D:9      | Lost mutation: Your body sometimes deteriorates upon taking damage. [potion of mutation]
 11119 | D:9      | Lost mutation: Your spells are harder to cast, but more powerful. [potion of mutation]
 11119 | D:9      | Gained mutation: Your magical capacity is low. (-10% MP) [potion of mutation]
 11119 | D:9      | Gained mutation: Your spells are harder to cast, but more powerful. [potion of mutation]
 11204 | D:9      | XOM: enchant monster (good)
 11224 | D:9      | XOM: summons friendly ynoxinul
 11228 | D:9      | XOM: confuse monster(s)
 11245 | D:9      | Found a runed door.
 11261 | D:9      | XOM: noise
 11275 | D:9      | XOM: enchant monster (good)
 11279 | D:9      | HP: 3/92 [worker ant (2)]
 11288 | D:9      | XOM: summons 4 friendly demons
 11911 | D:9      | XOM: harmless Summ miscast
 12056 | D:9      | XOM: enchant monster (bad)
 12108 | D:9      | XOM: scenery: create altars
 12115 | D:9      | XOM: give mutations
 12115 | D:9      | Lost mutation: You are agile. (Dex +2) [Xom's mischief]
 12115 | D:9      | Lost mutation: Your spells are harder to cast, but more powerful. [Xom's mischief]
 12115 | D:9      | Lost mutation: You are robust. (+10% HP) [Xom's mischief]
 12115 | D:9      | Gained mutation: You are clumsy. (Dex -2) [Xom's mischief]
 12220 | D:9      | XOM: severe Summ miscast
 12220 | D:9      | Cast into level 2 of the Abyss (the severe capriciousness of Xom)
 12278 | Abyss:2  | Gained mutation: You are frail. (-10% HP) [a neqoxec]
 12286 | Abyss:2  | Noticed a thrashing horror
 12286 | Abyss:2  | XOM: destruction
 12298 | Abyss:2  | Mangled by a thrashing horror

Skill      XL: |  1  2  3  4  5  6  7  8  9 10 11 |
---------------+----------------------------------+-----
Axes           | 4 5 8 |  8.6
Stealth        | 1 2 3 |  3.0
Dodging        | 2 3 4 5 7 |  7.8
Fighting       | 4 5 6 7 |  7.9
Armour         | 3 4 5 |  5.4
Maces & Flails | 1 3 5 8 10 | 10.0
Evocations     | 1 |  1.0

Action                   |  1- 3 |  4- 6 |  7- 9 | 10-12 || total
-------------------------+-------+-------+-------+-------++-------
Melee: Hand axe          |    73 |   110 |       |       ||   183
       Whip              |       |    62 |   595 |   262 ||   919
       War axe           |       |       |       |   270 ||   270
Evoke: Wand              |       |       |     3 |     3 ||     6
  Use: Potion            |     2 |     4 |     8 |     8 ||    22
       Scroll            |       |       |     6 |     2 ||     8
 Stab: Paralysed         |     1 |     3 |       |       ||     4
       Confused          |     2 |       |       |       ||     2
       Sleeping          |       |     2 |     5 |     2 ||     9
       Invisible         |       |     2 |       |       ||     2
       Distracted        |       |       |       |     1 ||     1
       Petrified         |       |       |       |     1 ||     1
  Eat: Chunk             |       |     6 |    28 |    15 ||    49
Armor: Leather armour    |    39 |    43 |   184 |   122 ||   388
Dodge: Dodged            |    47 |    87 |   342 |   337 ||   813
